 Dungeon Crawl Stone Soup version 0.26.1-11-gd32895ea62 (webtiles) character file.

Game seed: 7068593742025694004

65 Zeld the Poker (level 4, 0/35 HPs)
             Began as a Merfolk Monk on May 25, 2021.
             Slain by an adder (4 damage)
             ... on level 3 of the Dungeon.
             The game lasted 00:02:36 (1911 turns).

Zeld the Poker (Merfolk Monk)                       Turns: 1911, Time: 00:02:37

Health: 0/35       AC:  6    Str: 12    XL:     4   Next: 14%
Magic:  4/4        EV: 14    Int:  9    God:
Gold:   143        SH:  0    Dex: 16    Spells: 3/3 levels left

rFire    . . .     SeeInvis .   a - +0 spear
rCold    . . .     Faith    .   (no shield)
rNeg     . . .     Spirit   .   b - +0 robe
rPois    .         Reflect  .   n - +2 helmet
rElec    .         Harm     .   (no cloak)
rCorr    .         Rampage  .   (no gloves)
Will     .....                  m - +0 pair of boots
Stlth    ++........             (no amulet)
HPRegen  0.11/turn              (no ring)
MPRegen  0.09/turn              (no ring)

@: lethally poisoned (0 -> -3)
A: change form in water, swift swim, stealthy swim
a: no special abilities


You were on level 3 of the Dungeon.
You visited 1 branch of the dungeon, and saw 3 of its levels.

You collected 143 gold pieces.

Inventory:

Hand Weapons
 a - a +0 spear (weapon)
Missiles
 q - 3 boomerangs (quivered)
 w - 17 poisoned darts
Armour
 b - a +0 robe (worn)
 m - a +0 pair of boots (worn)
 n - a +2 helmet (worn)
Jewellery
 p - a +6 ring of strength {unknown}
 r - a +6 ring of strength {unknown}
 u - a cursed ring of attention {unknown}
 y - an uncursed ring of stealth
Scrolls
 c - 5 scrolls of identify {unknown}
 d - a scroll of blinking {unknown}
 e - 2 scrolls of amnesia {unknown}
 g - a scroll of fog {unknown}
 i - 2 scrolls of magic mapping {unknown}
 k - a scroll of enchant weapon {unknown}
 o - 2 scrolls of teleportation {unknown}
Potions
 f - a potion of cancellation {unknown}
 h - a potion of curing {unknown}
 j - a potion of magic {unknown}
 l - a potion of lignification {unknown}
 s - 3 potions of brilliance {unknown}
 t - a potion of heal wounds {unknown}
 v - a potion of attraction {unknown}
 x - a potion of might {unknown}
 z - 2 potions of invisibility {unknown}


   Skills:
 - Level 3.2 Fighting
 * Level 7.1 Polearms
 - Level 4.0 Dodging
 - Level 2.1 Stealth


You had 3 spell levels left.
You didn't know any spells.
Your spell library was empty.

Dungeon Overview and Level Annotations

Branches:
Dungeon (3/15)

Altars:
Beogh


Message History

You feel sick. The adder bites you. The orc hits you with a +0 dagger.
The adder closely misses you.
The orc priest invokes the aid of Beogh against you.
Beogh smites you!
* * * LOW HITPOINT WARNING * * *
There is an open door here.
You are too injured to fight recklessly!
You closely miss the jackal. The orc hits you but does no damage.
The adder bites you but does no damage.
You are too injured to fight recklessly!
You are too injured to fight recklessly!
The orc priest looks braver for a moment.
The adder bites you but does no damage. The jackal closely misses you.
The adder barely misses you. The adder bites you.
* * * LOW HITPOINT WARNING * * *
The orc priest looks satisfied for a moment.
The jackal bites you but does no damage.
The adder bites you.
You die...

###########
#........$..
#............
###.............
................
#..............
#........!....
##h............
#oS@........#
#h##........#
#oo.##.......#
#$8.8h#.......###
###.$..$#.........#
#.#.8.8$#..####.[.#
#.##$_$##..# ..#
#..#####...####. .#
#................ #


You could see an orc priest, an adder, an orc and 2 jackals.

Vanquished Creatures
  An adder (D:2)
  An ooze (D:1)
  2 worms (D:2)
  3 dart slugs
  A leopard gecko (D:1)
  4 giant cockroaches
  5 goblins
  3 hobgoblins
  3 bats (D:1)
  5 frilled lizards
  6 kobolds
  8 rats
42 creatures vanquished.

Vanquished Creatures (others)
  3 plants (D:1)
3 creatures vanquished.

Grand Total: 45 creatures vanquished

Notes
Turn   | Place    | Note
-------+----------+-------------------------------------------
     0 | D:1      | Zeld the Merfolk Monk began the quest for the Orb.
     0 | D:1      | Reached XP level 1. HP: 18/18 MP: 1/1
   221 | D:1      | Reached skill level 5 in Polearms
   232 | D:1      | Reached XP level 2. HP: 24/24 MP: 2/2
   538 | D:1      | Reached skill level 6 in Polearms
   538 | D:1      | Reached XP level 3. HP: 29/29 MP: 3/3
  1425 | D:2      | Reached XP level 4. HP: 33/35 MP: 4/4
  1427 | D:2      | Reached skill level 7 in Polearms
  1906 | D:3      | Found a roughly hewn altar of Beogh.
  1911 | D:3      | Slain by an adder

Illustrated notes

Levels and vault maps discovered:
D:1:      scummos_arrival_star, layout_basic, serial_bayou,
          serial_bayou_lagoon_b, serial_bayou_shore_b, serial_bayou_pond_e,
          serial_bayou_lagoon_a, serial_bayou_crossing, minmay_pentomino_x2
D:2:      layout_basic
D:3:      layout_basic, kennysheep_orc_chapel, uniq_ijyb

Skill      XL: |  1  2  3  4 |
---------------+-------------+-----
Polearms       | 5 6 7 |  7.1
Fighting       | |  3.2
Dodging        | |  4.0
Stealth        | |  2.1

Action                   |  1- 3 |  4- 6 || total
-------------------------+-------+-------++-------
Melee: Spear             |   135 |    31 ||   166
       Tailslap          |     1 |       ||     1
 Stab: Sleeping          |     8 |     2 ||    10
Armor: Robe              |    11 |    10 ||    21
Dodge: Dodged            |    50 |    23 ||    73
